 Dungeon Crawl Stone Soup version 0.28.0-53-g5a82cb258f (webtiles) character file.

Game seed: 1198087354451456722

32 issech the Skirmisher (level 3, -3/30 (33) HPs)
             Began as a Minotaur Monk on May 31, 2022.
             Slain by an adder (4 damage)
             ... on level 1 of the Dungeon.
             The game lasted 00:02:49 (1635 turns).

issech the Skirmisher (Minotaur Monk)               Turns: 1635, Time: 00:02:49

HP:   -3/30 (33)    AC:  2    Str: 15    XL:     3   Next: 10%
MP:   2/2           EV: 13    Int:  7    God:
Gold: 66            SH:  0    Dex: 14    Spells: 2/2 levels left

rFire   . . .      SeeInvis .   j - +1 dagger (drain)
rCold   . . .      Faith    .   (no shield)
rNeg    . . .      Spirit   .   b - +0 robe
rPois   .          Reflect  .   (helmet restricted)
rElec   .          Harm     .   (no cloak)
rCorr   .          Rampage  .   (no gloves)
Will    .....                   (no boots)
Stlth   ++........              (no amulet)
HPRegen 0.10/turn               (no ring)
MPRegen 0.08/turn               (no ring)

@: lethally poisoned (-3 -> -6), drained
A: horns 2, retaliatory headbutt
a: no special abilities


You were on level 1 of the Dungeon.
You visited 1 branch of the dungeon, and saw 2 of its levels.

You collected 66 gold pieces.

Inventory:

Hand Weapons
 a - a +0 hand axe
 d - a +0 mace
 e - a +0 short sword
 g - a +0 spear
 j - a +1 dagger of draining (weapon)
 l - a +0 short sword
Missiles
 h - 50 stones (quivered)
Armour
 b - a +0 robe (worn)
Scrolls
 c - 2 scrolls of identify {unknown}
 k - a scroll of immolation {unknown}
Potions
 f - a potion of berserk rage {unknown}
 i - a potion of magic {unknown}


   Skills:
 + Level 4.1 Fighting
 + Level 0.2 Short Blades
 + Level 4.1 Axes
 + Level 3.6 Dodging
 + Level 1.8 Stealth


You had 2 spell levels left.
You didn't know any spells.
Your spell library contained the following spells:

 Spells                   Type           Power      Damage    Failure   Level
 Hailstorm                Conj/Ice       0%         3d3       99%         4
 Ice Form                 Ice/Tmut       0%         N/A       99%         4
 Simulacrum               Ice/Necr       0%         N/A       100%        6


Dungeon Overview and Level Annotations

Branches:
Dungeon (2/15)

Altars:


Innate Abilities, Weirdness & Mutations

You have a pair of horns on your head.
You reflexively headbutt those who attack you in melee.


Message History

You can't go up here!
You climb downwards.
Found 8 gold pieces.
There is a stone staircase leading up here.
The frilled lizard hisses angrily.
The adder bites you.
You are poisoned.
The adder poisons you! The jackal bites you.
The kobold hits you with a +0 club.
You climb upwards.
You feel sick.
There is a stone staircase leading down here.
You hit the jackal.
The jackal is severely wounded.
You feel sick. The jackal bites you. The adder bites you.
The kobold hits you with a +0 club. The jackal barely misses you.
You furiously retaliate!
You headbutt the jackal.
You kill the jackal!
The adder misses you.
You feel sick. The kobold barely misses you. You furiously retaliate!
You headbutt the kobold, but do no damage.
You feel sick.
You feel sick.
You feel sick.
You are no longer poisoned.
The adder bites you.
* * * LOW HITPOINT WARNING * * *
You are lethally poisoned!
The adder poisons you!
* * * LOW HITPOINT WARNING * * *
You feel sick.
You closely miss the adder. Your headbutt misses the adder.
* * * LOW HITPOINT WARNING * * *
You feel sick. The adder bites you.
* * * LOW HITPOINT WARNING * * *
The kobold hits you but does no damage.
You hit the adder. Your headbutt misses the adder.
The adder is lightly wounded.
* * * LOW HITPOINT WARNING * * *
You feel sick. The adder bites you.
You die...

### #.####### #.......#
#.#####.# #.# #.#
##############.# #.#
#...#..........# #.#
######...#.############ #.#
.....'..........@S...>###.#
.#####...#.######K......#.#
.# #...#.# #.......#.# ##
#####.# #.......#.# #.#
###.......#.#
#.####.#.......#.#
##########.#....#.......#.#
...........#.##.#.......#.#
.............##.###'#.#####


You could see an adder and a kobold.

Vanquished Creatures
  4 endoplasms (D:1)
  A giant cockroach (D:1)
  3 hobgoblins (D:1)
  3 jackals
  3 kobolds (D:1)
  A quokka (D:1)
  2 ball pythons (D:1)
  2 bats (D:1)
  A frilled lizard (D:1)
  5 goblins (D:1)
  3 rats (D:1)
28 creatures vanquished.

Vanquished Creatures (others)
  A plant (D:1)
1 creature vanquished.

Grand Total: 29 creatures vanquished

Notes
Turn   | Place    | Note
-------+----------+-------------------------------------------
     0 | D:1      | issech the Minotaur Monk began the quest for the Orb.
     0 | D:1      | Reached XP level 1. HP: 19/19 MP: 0/0
   493 | D:1      | Reached XP level 2. HP: 21/23 MP: 1/1
   911 | D:1      | Found a faded altar of an unknown god.
  1345 | D:1      | Reached XP level 3. HP: 24/30 MP: 2/2
  1635 | D:1      | HP: 1/30 [poisoned by an adder]
  1635 | D:1      | Slain by an adder

Illustrated notes

Levels and vault maps discovered:
D:1:      scummos_arrival_simple_fountains, layout_basic,
          shapermc_ecumenical_altar_mp_urbaneastern
D:2:      layout_rooms

Skill      XL: |  1  2 |
---------------+-------+-----
Fighting       | 4 |  4.1
Axes           | 4 |  4.1
Short Blades   | |  0.2
Dodging        | |  3.6
Stealth        | |  1.8

Action                   || total
-------------------------++-------
Melee: Hand axe          ||    14
       Dagger            ||    41
       Headbutt          ||    12
       Punch             ||     1
 Stab: Sleeping          ||     2
Armor: Robe              ||     7
Dodge: Dodged            ||    27
